 Dungeon Crawl Stone Soup version 0.31-a0-1591-g515db51633 (webtiles) character file.

Game seed: 6737461270220143783

6023 Flugslaktarn the Toxicologist (level 10, 0/56 HPs)
             Began as an Octopode Alchemist on Jan 6, 2024.
             Was a Believer of Sif Muna.
             Slain by a troll (9 damage)
             ... on level 10 of the Dungeon.
             The game lasted 00:12:08 (3092 turns).

Flugslaktarn the Toxicologist (Octopode Alchemist)  Turns: 3092, Time: 00:12:09

Health: 0/56       AC:  1    Str:  7    XL:     10   Next: 86%
Magic:  15/31      EV: 13    Int: 21    God:    Sif Muna [**....]
Gold:   508        SH:  0    Dex: 14    Spells: 17/26 levels left

rFire   . . .        f - +3 short sword (protect)
rCold   . . .        (no shield)
rNeg    . . .        (helmet restricted)
rPois   .            D - amulet of regeneration
rElec   .            B - ring of magical power
rCorr   .            C - ring of wizardry
SInv    .            (no ring)
Will    .....        (no ring)
Stlth   +++          (no ring)
HPRegen 1.09/turn    (no ring)
MPRegen 0.22/turn    (no ring)
                     (no ring)

%: wizardry (x1)
@: radiating poison
A: almost no armour, amphibious, 8 rings, camouflage 1, gelatinous body 1,
(nimble swimmer 1), tentacles
a: Renounce Religion, Channel Magic


You were on level 10 of the Dungeon.
You worshipped Sif Muna.
Sif Muna was pleased with you.
You visited 2 branches of the dungeon, and saw 11 of its levels.
You also visited: Sewer.

You collected 1308 gold pieces.
You spent 800 gold pieces at shops.

Inventory:

Hand Weapons
 c - a +0 dagger
   (You took it off a goblin on level 2 of the Dungeon)
 f - a +3 short sword of protection (weapon)
   (You found it on level 2 of the Dungeon)
 k - a +1 mace of protection
   (You took it off Blork the orc on level 5 of the Dungeon)
 v - a +3 trident of draining
   (You took it off Jeremiah on level 7 of the Dungeon)
 z - a +2 scimitar
   (You took it off a wight on level 8 of the Dungeon)
Missiles
 q - a curare-tipped dart
 s - a throwing net
Armour
 u - an orb of guile
   (You took it off Jeremiah on level 7 of the Dungeon)
 E - a +0 kite shield
   (You took it off a gnoll sergeant on level 8 of the Dungeon)
Magical Staves
 d - a staff of death
   (You found it on level 6 of the Dungeon)
Jewellery
 B - a ring of magical power (left tentacle)
   (You bought it in a shop on level 9 of the Dungeon)
 C - a ring of wizardry (right tentacle)
   (You bought it in a shop on level 9 of the Dungeon)
 D - an amulet of regeneration (around mantle)
   (You bought it in a shop on level 9 of the Dungeon)
Wands
 e - a wand of paralysis (14)
   (You took it off Ijyb on level 4 of the Dungeon)
 g - a wand of digging (4)
   (You found it on level 7 of the Dungeon)
 y - a wand of mindburst (11)
   (You took it off Jeremiah on level 7 of the Dungeon)
 G - a wand of roots (5)
   (You found it on level 9 of the Dungeon)
Scrolls
 b - 3 scrolls of fog
 i - a scroll of noise
 n - a scroll of butterflies
 o - 6 scrolls of immolation
 p - 2 scrolls of vulnerability
 t - 4 scrolls of teleportation
 w - a scroll of revelation
 x - 2 scrolls of poison
 F - a scroll of amnesia {unknown}
 H - a scroll of fear {unknown}
Potions
 a - a potion of magic
 h - 2 potions of haste
 j - a potion of mutation {unknown}
 l - a potion of attraction {unknown}
 m - a potion of cancellation {unknown}
 r - a potion of brilliance {unknown}
 A - a potion of degeneration {unknown}


   Skills:
 - Level 2.0 Dodging
 - Level 2.6 Stealth
 + Level 8.8 Spellcasting
 - Level 1.0 Conjurations
 * Level 14.4 Alchemy


You had 17 spell levels left.
You knew the following spells:

 Your Spells              Type           Power      Damage    Failure   Level
a - Sting                 Conj/Alch      100%       1d9       1%          1
b - Olgreb's Toxic Radia  Alch           63%        N/A       1%          4
c - Sticky Flame          Fire/Alch      39%        2d8       1%          4

Your spell library contained the following spells:

 Spells                   Type           Power      Damage    Failure   Level
 Mercury Vapours          Alch/Air       78%        N/A       1%          2
 Mephitic Cloud           Conj/Alch/Air  30%        N/A       1%          3
 Fulminant Prism          Conj/Alch      20%        3d12      1%          4
 Apportation              Tloc           18%        N/A       3%          1
 Necrotise                Necr           36%        1d5       3%          1
 Summon Small Mammal      Summ           36%        N/A       3%          1
 Momentum Strike          Conj/Tloc      22%        3d8       3%          2
 Blink                    Tloc           18%        N/A       4%          2
 Lesser Beckoning         Tloc           18%        N/A       4%          2
 Hailstorm                Conj/Ice       11%        3d6       8%          3
 Summon Ice Beast         Ice/Summ       9%         N/A       9%          3
 Volatile Blastmotes      Fire/Tloc      18%        2d11      9%          3
 Sculpt Simulacrum        Ice/Alch       19%        N/A       22%         6
 Iskenderun's Mystic Bla  Conj/Tloc      11%        2d4       24%         4
 Passage of Golubria      Tloc           9%         N/A       28%         4
 Silence                  Hex/Air        4%         N/A       58%         5
 Lehudib's Crystal Spear  Conj/Erth      5%         10d3      100%        8


Dungeon Overview and Level Annotations

Branches:
Dungeon (10/15)            Temple (1/1) D:5           Sewer (visited)
   Lair: D:8-11         Orc: D:9-12

Altars:
Ashenzari
Cheibriados
Dithmenos
Elyvilon
Fedhas
Gozag
Hepliaklqana
Kikubaaqudgha
Makhleb
Nemelex Xobeh
Okawaru
Qazlal
Ru
Sif Muna
Trog
Uskayaw
Vehumet
Wu Jian
Xom
Yredelemnul
Zin
The Shining One

Shops:
D:7 ?   D:9 =

Annotations:
D:8 Psyche


Innate Abilities, Weirdness & Mutations

You cannot wear most types of armour.
You are amphibious.
You can wear up to eight rings at the same time.
Your skin changes colour to match your surroundings (Stealth+).
Your rubbery body absorbs attacks. (AC +1, EV +1)
((You are camouflaged when in or above water. (Stealth+)))
You have tentacles for arms and can constrict up to eight enemies at once.


Message History

You are too confused!
You hit the orc. You squeeze the orc.
You kill the orc!
Sif Muna accepts your kill.
An orc comes into view. It is wielding a +0 dagger.
You are too confused!
You are too confused!
You are too confused!
The orc hits you but does no damage.
Items here: )) [ †.
You bump into the rock wall.
The orc curses loudly.
The orc barely misses you. The orc hits you with a +0 dagger.
You see here a +0 flail.
You barely miss the orc.
You feel less confused. The orc hits you with a +0 dagger.
The orc attacks as it pursues you! The orc closely misses you.
You hit the orc.
Your weapon exudes an aura of protection.
Your grab misses the orc.
Your tentacle-slap misses the orc.
The orc is heavily wounded.
You completely miss the orc. You grab the orc.
The orc is heavily wounded.
You constrict the orc. The orc hits you but does no damage.
You hit the orc but do no damage. You squeeze the orc, but do no damage.
The orc is severely wounded.
You constrict the orc, but do no damage.
The orc closely misses you.
You hit the orc. You squeeze the orc, but do no damage.
The orc is almost dead.
You constrict the orc.
You kill the orc!
Sif Muna accepts your kill.
You now have 508 gold pieces (gained 22).
Things that are here:
a +0 dagger; a +0 leather armour; a +0 flail You are a level 10 Octopode Alchemist.
You are 77% of the way to level 11.
Play time: 00:11:54 (3041 turns).
Zot will find you in 26966 turns if you stay in this branch and explore no new floors.
Unknown command.
Found a scroll of immolation.
A yak comes into view.
A yak comes into view.
o - 6 scrolls of immolation (gained 1)
There are no items here.
Casting: Sting (safe; 1% risk of failure)
Confirm with . or Enter, or press ? or * to list all spells.
You begin to radiate toxic energy.
The yak bellows!
The yak is poisoned.
The yak bellows!
The yak is poisoned.
You hear a bellow!
Casting: Olgreb's Toxic Radiance (safe; 1% risk of failure)
Confirm with . or Enter, or press ? or * to list all spells.
Your toxic radiance grows in intensity.
The yak looks even sicker. x3
Casting: Olgreb's Toxic Radiance (safe; 1% risk of failure)
Confirm with . or Enter, or press ? or * to list all spells.
Your toxic radiance grows in intensity.
The yak looks as sick as possible!
The yak looks as sick as possible!
The yak looks even sicker.
The yak looks as sick as possible!
You kill the yak!
Sif Muna accepts your kill.
Your toxic aura wanes.
Casting: Olgreb's Toxic Radiance (safe; 1% risk of failure)
Confirm with . or Enter, or press ? or * to list all spells.
Aiming: Sting (safe; 1% risk of failure)
Press: ? - help, Shift-Dir - straight line, f - yak
Aim: a yak (severely wounded, extremely poisoned, 87% to hit)
The sting hits the yak.
The yak looks as sick as possible!
The yak is severely wounded.
You hit the yak.
Your weapon exudes an aura of protection.
Your squeeze misses the yak.
The yak is almost dead.
The yak completely misses you.
You hit the yak.
You kill the yak!
Sif Muna accepts your kill.
You see here a yak corpse.
A troll comes into view.
Casting: Sting (safe; 1% risk of failure)
Confirm with . or Enter, or press ? or * to list all spells.
Aiming: Sticky Flame (dangerous; 1% risk of failure)
Press: ? - help, Shift-Dir - straight line, f - troll
Aim: a troll (wandering, hasn't noticed you)
The sticky flame hits the troll!
The troll is moderately wounded.
The troll shouts!
You hear a bellow!
The troll burns!
The troll bites you. The troll claws you! x2
You hear a bellow!
Casting: Sticky Flame (dangerous; 1% risk of failure)
Confirm with . or Enter, or press ? or * to list all spells.
You begin to radiate toxic energy.
The troll is poisoned.
The troll looks even sicker.
The troll burns!
The troll bites you!
* * * LOW HITPOINT WARNING * * *
The troll claws you!
You die...

##### #...# #...#
#...# #...###
######..... .........#
######T@.##.# #######
... #.......#
......####.###.#######
#####†#.##.#...#
#####......#.#####.
...####............#
...# #.............+
##.# #.............# #
.# #..........####


You could see a troll (burning, very poisoned).

Vanquished Creatures
  A two-headed ogre (D:9)
  Pikel (D:5)
  An ugly thing (D:9)
  Jeremiah (D:7)
  A troll (D:9)
  Sigmund (D:2)
  10 yaks
  3 water moccasins (D:8)
  2 orc warriors
  Pargi (Sewer)
  A centaur (D:9)
  2 kobold brigands
  4 lemures (D:5)
  Blork the orc (D:5)
  A brain worm (Sewer)
  2 bullfrogs
  A scorpion (D:6)
  A gnoll sergeant (D:8)
  3 wights (D:8)
  4 killer bees (D:7)
  3 howler monkeys
  5 hounds
  4 jellies
  2 gnoll boudas
  4 iguanas
  A sleepcap (D:7)
  Ijyb (D:4)
  4 orc wizards
  Robin (D:3)
  14 gnolls
  6 adders
  A dart slug (D:1)
  13 orcs
  12 bats
  3 endoplasms
  6 giant cockroaches
  8 goblins
  3 hobgoblins
  10 kobolds
  2 ball pythons (D:2)
  A frilled lizard (D:1)
146 creatures vanquished.

Notes
Turn   | Place    | Note
-------+----------+-------------------------------------------
     0 | D:1      | Flugslaktarn the Octopode Alchemist began the quest for the
                  | Orb.
     0 | D:1      | Reached XP level 1. HP: 11/11 MP: 3/3
    85 | D:2      | Reached XP level 2. HP: 17/17 MP: 1/5
   115 | D:2      | Reached skill level 4 in Alchemy
   205 | D:2      | Found a white marble altar of Elyvilon.
   205 | D:2      | Noticed Sigmund
   213 | D:2      | Killed Sigmund
   214 | D:2      | Reached skill level 5 in Alchemy
   214 | D:2      | Reached XP level 3. HP: 6/21 MP: 2/7
   214 | D:2      | Reached XP level 4. HP: 8/27 MP: 2/9
   214 | D:2      | Reached XP level 5. HP: 9/31 MP: 2/10
   230 | D:2      | Learned a level 4 spell: Olgreb's Toxic Radiance
   235 | D:2      | Learned a level 4 spell: Sticky Flame
   375 | D:3      | Reached skill level 6 in Alchemy
   381 | D:3      | Noticed Robin
   394 | D:3      | Killed Robin
   510 | D:4      | Reached XP level 6. HP: 36/36 MP: 9/11
   510 | D:4      | Noticed Ijyb
   524 | D:4      | Killed Ijyb
   566 | D:4      | Found a broken altar of Ashenzari.
   608 | D:5      | Entered Level 5 of the Dungeon
   655 | D:5      | Noticed Blork the orc
   668 | D:5      | Killed Blork the orc
   669 | D:5      | Reached skill level 7 in Alchemy
   669 | D:5      | Reached XP level 7. HP: 28/41 MP: 0/13
   685 | D:5      | Found a sacrificial altar of Ru.
   821 | D:4      | Found an ornate altar of the Wu Jian Council.
   864 | D:5      | Found a staircase to the Ecumenical Temple.
   871 | Temple   | Entered the Ecumenical Temple
   881 | Temple   | Became a worshipper of Sif Muna the Loreminder
   894 | D:5      | Noticed Pikel
   951 | D:5      | Paralysed by Pikel for 4 turns
   954 | D:5      | Killed Pikel
   955 | D:5      | Reached skill level 5 in Spellcasting
   955 | D:5      | Reached skill level 9 in Alchemy
   955 | D:5      | Reached XP level 8. HP: 27/46 MP: 2/15
  1032 | D:6      | Found a shadowy altar of Dithmenos.
  1131 | D:6      | Found a glowing drain.
  1163 | Sewer    | Entered a sewer
  1185 | Sewer    | Reached * piety under Sif Muna
  1187 | Sewer    | Noticed Pargi
  1198 | Sewer    | Killed Pargi
  1199 | Sewer    | Reached skill level 10 in Alchemy
  1327 | D:7      | Found Jaojiag's Magic Scroll Shoppe.
  1417 | D:7      | Noticed Jeremiah
  1421 | D:7      | Reached XP level 9. HP: 36/51 MP: 3/18
  1451 | D:7      | Killed Jeremiah
  1452 | D:7      | Reached skill level 11 in Alchemy
  1472 | D:7      | Found an iron altar of Okawaru.
  1507 | D:7      | Found a burning altar of Makhleb.
  1532 | D:7      | Found a shimmering altar of Xom.
  1643 | D:7      | HP: 2/51 [wraith (11)]
  1730 | D:7      | Found an opulent altar of Gozag.
  1847 | D:8      | Reached skill level 12 in Alchemy
  1887 | D:8      | Reached ** piety under Sif Muna
  1896 | D:8      | Reached XP level 10. HP: 36/56 MP: 1/21
  1917 | D:8      | Noticed Psyche
  1957 | D:8      | HP: 2/53 [wight/+2 scimitar (10)]
  2092 | D:8      | Reached skill level 13 in Alchemy
  2101 | D:8      | HP: 2/56 [poisoned by a water moccasin]
  2570 | D:9      | Noticed a cyan ugly thing
  2667 | D:9      | Killed a cyan ugly thing
  2817 | D:9      | Noticed a two-headed ogre
  2830 | D:9      | Killed a two-headed ogre
  2831 | D:9      | Reached skill level 14 in Alchemy
  2948 | D:9      | Found Qikook's Jewellery Emporium.
  2958 | D:9      | Identified a scroll of acquirement
  2958 | D:9      | Bought a ring of magical power for 200 gold pieces
  2958 | D:9      | Acquired 939 gold pieces
  2960 | D:9      | Bought a ring of wizardry for 300 gold pieces
  2960 | D:9      | Bought an amulet of regeneration for 300 gold pieces
  3007 | D:10     | Entered Level 10 of the Dungeon
  3092 | D:10     | Slain by a troll

Illustrated notes

Levels and vault maps discovered:
D:1:      lemuel_arrival_river_ford, layout_rooms, serial_bayou_pond_d,
          roderic_cross_of_infinity
D:2:      layout_basic, serial_shops, nicolae_shop_back_alley_shop, basic_altar,
          hangedman_decor_slide_cut, corexii_item_surrounded_by_moat,
          uniq_natasha, uniq_sigmund
D:3:      layout_basic, uniq_robin
D:4:      layout_loops_ring, cheibrodos_ashenzari_chains,
          lemuel_coloured_pillars_altar, uniq_edmund, uniq_ijyb
D:5:      layout_cave_pools, kennysheep_mini, minmay_temple_entry_mini_moons,
          uniq_pikel, uniq_blork_the_orc
D:6:      layout_basic, lemuel_doored_altar, gup_sewer_entry_glass,
          feat_on_display
D:7:      layout_rooms, bloody_makhleb, general_overflow_altar,
          mainiacjoe_overflow_brackets, lemuel_round_altar, serial_shops, shop,
          minivault_23, uniq_jeremiah
D:8:      layout_basic, uniq_psyche
D:9:      layout_cave_pods, serial_shops, shop, nicolae_two_hexagons,
          lightli_fourway_metalbox
D:10:     layout_basic
Temple:   nicolae_temple_ecumenical_triangle

Skill      XL: |  1  2  3  4  5  6  7  8  9 10 |
---------------+-------------------------------+-----
Alchemy        | 5 6 7 9 10 12 14 | 14.4
Spellcasting   | 3 4 5 6 7 8 |  8.8
Dodging        | |  2.0
Stealth        | |  2.6
Conjurations   | |  1.0

Action                     |  1- 3 |  4- 6 |  7- 9 | 10-12 || total
---------------------------+-------+-------+-------+-------++-------
  Melee: Unarmed           |     2 |       |       |       ||     2
         Tentacles         |     3 |    10 |    27 |    16 ||    56
         Constrict         |     2 |    10 |    16 |     6 ||    34
         Dagger            |     7 |       |       |       ||     7
         Short sword       |       |    41 |    96 |    44 ||   181
         Punch             |       |     1 |     1 |       ||     2
   Cast: Sting             |    13 |    19 |    24 |     3 ||    59
         Olgreb's Toxic Ra |       |     5 |    25 |    19 ||    49
         Sticky Flame      |       |       |       |    10 ||    10
  Evoke: Wand              |       |       |     6 |     6 ||    12
    Use: Scroll            |       |       |    11 |     3 ||    14
         Potion            |       |       |     1 |       ||     1
   Stab: Sleeping          |       |     2 |     1 |     1 ||     4
         Paralysed         |       |       |    17 |     3 ||    20
 Armour: Skin              |     4 |    18 |    55 |    39 ||   116
  Dodge: Dodged            |     3 |    30 |    68 |    37 ||   138

Table legend: (Time is in decaauts)
 A = Elapsed time spent in this place.
 B = Non-inter-level travel time spent in this place.
 C = Inter-level travel time spent in this place.
 D = Time resting spent in this place.
 E = Time spent auto-exploring this place.
 F = Levels seen in this place.
 G = Mean time per level.
                   A        B        C        D        E       F      G
               +--------+--------+--------+--------+--------+-----+--------+
         Total |   3102 |   2899 |    203 |    333 |    257 |  12 |  258.5 |
       Dungeon |   3005 |   2802 |    203 |    333 |    257 |  10 |  300.5 |
        Temple |     19 |     19 |      0 |      0 |      0 |   1 |   19.0 |
         Sewer |     76 |     76 |      0 |      0 |      0 |   1 |   76.0 |
               +--------+--------+--------+--------+--------+-----+--------+

Top non-repeatable levels by time:
     D:8: 859 daAuts
     D:7: 431 daAuts
     D:9: 400 daAuts
     D:5: 276 daAuts
     D:6: 258 daAuts
     D:2: 240 daAuts
     D:3: 215 daAuts
     D:4: 185 daAuts
    D:10: 84 daAuts
   Sewer: 76 daAuts
     D:1: 53 daAuts
  Temple: 19 daAuts
